 Dungeon Crawl Stone Soup version 0.17.1-2-g5865329 (webtiles) character file.

6594 PossumBlood the Markself (level 10, 0/60 HPs)
             Began as a High Elf Hunter on Jan 25, 2016.
             Was a High Priest of Okawaru.
             Slain by a small abomination (20 damage)
             ... on level 1 of the Abyss.
             The game lasted 00:30:19 (9199 turns).

PossumBlood the Markself (High Elf Hunter)          Turns: 9199, Time: 00:30:19

Health: 0/60       AC: 11    Str: 13    XL:     10   Next: 71%
Magic:  20/20      EV: 22    Int: 14    God:    Okawaru [*****.]
Gold:   221        SH:  0    Dex: 19    Spells: 2 memorised, 6 levels left

rFire  + + +     SeeInvis +     a - +1 shortbow
rCold  + . .     Clarity  .     q - +3 leather armour {rF+}
rNeg   + . .     SustAt   .     (shield currently unavailable)
rPois  +         Gourm    .     L - +2 hat {SInv}
rElec  .         Spirit   .     D - +1 cloak
rCorr  .         Warding  +     c - +0 pair of gloves
rMut   .         Stasis   .     (no boots)
MR     +....                    R - amulet of warding
Stlth  ++........               M - ring of protection from cold
                                u - ring "Ereaxep" {rPois rF++ MP+9 Str+2 Int-2}

@: hasted, very quick, somewhat resistant to hostile enchantments, unstealthy
A: no striking features
a: Heroism, Finesse, Renounce Religion


You were on level 1 of the Abyss.
You worshipped Okawaru.
Okawaru was extremely pleased with you.
You were not hungry.

You visited 2 branches of the dungeon, and saw 10 of its levels.
You visited the Abyss 1 time.
You also visited: Ossuary and Bailey.

You collected 433 gold pieces.
You spent 212 gold pieces at shops.

Inventory:

Hand Weapons
 a - a +1 shortbow (weapon)
 b - the +4 dagger "Daipheus" {distort, Str+2}
   (You found it in a bailey)

   It warps and distorts space around it.
   Unwielding it can cause banishment or high damage.
   It affects your strength (+2).
 y - a +2 short sword of speed
 C - a +4 quarterstaff of chaos
Missiles
 J - 21 arrows of flame (quivered)
Armour
 c - a +0 pair of gloves (worn)
 q - a +3 leather armour of fire resistance (worn)
 D - a +1 cloak (worn)
 L - a +2 hat of see invisible (worn)
Jewellery
 u - the ring "Ereaxep" (left hand) {rPois rF++ MP+9 Str+2 Int-2}
   (You found it on level 4 of the Dungeon)

   [ring of magical power]

   It affects your strength (+2).
   It affects your intelligence (-2).
   It greatly protects you from fire.
   It protects you from poison.
   It affects your magic capacity (+9).
 v - an uncursed ring of poison resistance
 I - an uncursed ring of ice
 M - a ring of protection from cold (right hand)
 Q - an uncursed ring of protection from fire
 R - an amulet of warding (around neck)
Wands
 A - a wand of draining (15)
 B - a wand of frost (21)
Scrolls
 g - 3 scrolls of identify
 i - a scroll of acquirement {unknown}
 l - 7 scrolls of teleportation
 m - 5 scrolls of remove curse
 H - 4 scrolls of amnesia
 K - 2 scrolls of fear
Potions
 h - 2 potions of might
 j - a potion of haste
 o - 2 potions of curing
 p - 2 potions of lignification
 r - a potion of agility
 s - 2 potions of brilliance
 t - a potion of flight
 w - 2 potions of berserk rage
 x - 2 potions of ambrosia
 U - a potion of magic
Books
 n - a book of Spatial Translocations

   Spells                             Type                      Level
   a - Apportation                    Translocation                1
   b - Blink                          Translocation                2
   c - Shroud of Golubria             Charms/Translocation         2
   d - Portal Projectile              Translocation                3
   e - Teleport Other                 Translocation                3
   f - Passage of Golubria            Translocation                4
 E - a book of Burglary

   Spells                             Type                      Level
   a - Swiftness                      Charms/Air                   2
   b - Passwall                       Transmutation/Earth          3
   c - Passage of Golubria            Translocation                4
   d - Lee's Rapid Deconstruction     Earth                        5
   e - Darkness                       Hexes                        6
   f - Invisibility                   Hexes                        6
 N - a book of Frost

   Spells                             Type                      Level
   a - Freeze                         Ice                          1
   b - Throw Frost                    Conjuration/Ice              2
   c - Ozocubu's Armour               Charms/Ice                   3
   d - Throw Icicle                   Conjuration/Ice              4
   e - Summon Ice Beast               Ice/Summoning                4
   f - Condensation Shield            Ice                          4
 O - a book of Hinderance

   Spells                             Type                      Level
   a - Confusing Touch                Hexes                        2
   b - Confuse                        Hexes                        3
   c - Gell's Gravitas                Hexes/Translocation          3
   d - Petrify                        Transmutation/Earth          4
   e - Metabolic Englaciation         Hexes/Ice                    5
Miscellaneous
 k - a plain deck of summoning {drawn: 7}
Comestibles
 e - 6 bread rations
 F - 3 meat rations
 P - 2 royal jellies


   Skills:
 - Level 2.0 Fighting
 - Level 15.0 Bows
 * Level 12.6 Dodging
 - Level 1.1 Stealth


You had 6 spell levels left.
You knew the following spells:

 Your Spells              Type           Power        Failure   Level  Hunger
a - Swiftness             Chrm/Air       #.......     58%         2    ###....
b - Apportation           Tloc           #.........   38%         1    ##.....


Dungeon Overview and Level Annotations

Branches:
Dungeon (9/15)             Temple (1/1) D:5            Lair (0/8) D:8
    Orc: D:9-12

Altars:
Ashenzari
Cheibriados
Dithmenos
Elyvilon
Fedhas
Gozag
Kikubaaqudgha
Makhleb
Nemelex Xobeh
Okawaru
Qazlal
Ru
Sif Muna
Trog
Vehumet
Xom
Yredelemnul
Zin
The Shining One

Shops:
D:4 !   D:7 (


Message History

Firing (i - inventory):
J - 22 arrows of flame (quivered)
Press: ? - help, Shift-Dir - straight line, f/p - thrashing horror
Aim: a thrashing horror (severely damaged)
You shoot an arrow of flame.
The arrow of flame hits the thrashing horror.
The thrashing horror is severely damaged.
The thrashing horror completely misses you.
The thrashing horror tramples you but does no damage.
Drink which item? (? for menu, Esc to quit)
You feel much better.
The thrashing horror churns violently!
The thrashing horror seems to grow stronger.
The thrashing horror tramples you!
You hold your ground!
The thrashing horror tramples you!
You hold your ground!
The small abomination completely misses you.
The thrashing horror closely misses you.
The thrashing horror tramples you.
You hold your ground!
Drink which item? (? for menu, Esc to quit)
You feel yourself speed up. The small abomination hits you!!
You die...

# #.# # .#
.## .. #..
# #.# #. #(
.# # .# ..X
#(##.# . .
... .##x@#
∩ # #
#...x3X.# '
.
#.#...##..#
.. .#.
((... .####
.# .
#..#### # .
### #. #
... . . #..
.# # #. #
#.. # ...#
##


You could see a thrashing horror, a smoke demon and 2 small abominations.

Vanquished Creatures
  The ghost of Starbucks the Cleaver, a novice MiFi of Trog (Bailey)
  A komodo dragon (D:8)
  4 blink frogs (Abyss:1)
  A deep elf mage (D:9)
  A wyvern (D:8)
  A hippogriff (D:8)
  2 golden eyes (Abyss:1)
  11 orc warriors (Bailey)
  A black bear (D:7)
  An ice beast (D:5)
  A swamp drake (D:8)
  A phantom (D:7)
  4 ogres
  3 centaurs
  5 giant frogs
  3 scorpions (D:5)
  4 bog bodies (Ossuary)
  A crimson imp (D:6)
  5 orc wizards
  4 giant frog zombies
  A quasit (D:8)
  A jelly (D:5)
  Crazy Yiuf (D:5)
  A centaur zombie (Ossuary)
  A giant frog skeleton (D:5)
  A gnoll shaman (D:8)
  2 orc priests
  2 centaur skeletons
  3 hounds
  2 worker ants
  8 iguanas
  4 hound zombies (Ossuary)
  9 mummies (Ossuary)
  A hound skeleton (D:7)
  5 gnolls (D:8)
  8 adders
  A shadow imp (D:6)
  4 worker ant zombies (Ossuary)
  3 oozes
  An adder skeleton (D:4)
  2 adder zombies (Ossuary)
  5 worms
  25 orcs
  2 ball pythons
  5 bats
  10 giant cockroaches
  7 hobgoblins
  12 jackals
  11 kobolds
  4 quokkas
  10 giant geckos
  3 giant gecko zombies
  3 giant newts
  6 goblins
  A jackal skeleton (D:5)
  A jackal zombie (Ossuary)
  2 quokka skeletons (D:5)
  2 quokka zombies (Ossuary)
  4 rats
229 creatures vanquished.

Vanquished Creatures (collateral kills)
  An orc knight (Bailey)
  The ghost of Gargoyl the Skirmisher, an amateur DsAK of Lugonu (D:4)
  3 orc warriors (Bailey)
  Ijyb (D:2)
  An orc wizard (D:4)
  An adder (D:4)
  2 orcs (D:4)
  A giant cockroach (D:2)
11 creatures vanquished.

Vanquished Creatures (others)
  A plant (Ossuary)
1 creature vanquished.

Grand Total: 241 creatures vanquished

Notes
Turn   | Place    | Note
--------------------------------------------------------------
     0 | D:1      | PossumBlood the High Elf Hunter began the quest for the Orb.
     0 | D:1      | Reached XP level 1. HP: 14/14 MP: 2/2
    97 | D:1      | Reached XP level 2. HP: 19/19 MP: 3/3
   164 | D:1      | Reached skill level 6 in Bows
   539 | D:2      | Reached XP level 3. HP: 22/24 MP: 4/4
   716 | D:2      | Found a sparkling altar of Nemelex Xobeh.
   741 | D:2      | Found a bloodstained altar of Trog.
   911 | D:2      | Noticed Ijyb
   945 | D:2      | Killed Ijyb
   945 | D:2      | Reached skill level 7 in Bows
   945 | D:2      | Reached XP level 4. HP: 7/29 MP: 5/5
  1010 | D:2      | Found a radiant altar of Vehumet.
  1012 | D:2      | Found an opulent altar of Gozag.
  1299 | D:3      | Found a bloodstained altar of Trog.
  1565 | D:3      | Found a shadowy altar of Dithmenos.
  1710 | D:3      | Reached skill level 8 in Bows
  2153 | D:4      | Reached XP level 5. HP: 34/34 MP: 6/6
  2172 | D:4      | Found a shimmering altar of Xom.
  2201 | D:4      | Noticed Gargoyl's ghost (amateur DsAK)
  2221 | D:4      | Killed Gargoyl's ghost
  2221 | D:4      | Reached skill level 9 in Bows
  2350 | D:4      | Found Miko's Distillery.
  2371 | D:4      | Bought a potion of agility for 44 gold pieces
  2371 | D:4      | Bought a potion of brilliance for 44 gold pieces
  2371 | D:4      | Bought a potion of flight for 33 gold pieces
  2371 | D:4      | Bought a potion of heal wounds for 55 gold pieces
  2435 | D:4      | Got a faintly glowing steel ring
  2436 | D:4      | Identified the ring "Ereaxep" {rPois rF++ MP+9 Str+2 Int-2} (You found it on level 4 of the Dungeon)
  2480 | D:4      | Reached XP level 6. HP: 39/39 MP: 7/7
  2840 | D:5      | Entered Level 5 of the Dungeon
  2846 | D:5      | Reached skill level 10 in Bows
  3049 | D:5      | Found a staircase to the Ecumenical Temple.
  3054 | Temple   | Entered the Ecumenical Temple
  3090 | Temple   | Became a worshipper of Warmaster Okawaru
  3246 | D:5      | Reached XP level 7. HP: 18/45 MP: 8/8
  3442 | D:5      | Reached skill level 11 in Bows
  3835 | D:5      | Found a stormy altar of Qazlal.
  4057 | D:5      | Reached * piety under Okawaru
  4057 | D:5      | Reached skill level 12 in Bows
  4131 | D:5      | Noticed Crazy Yiuf
  4138 | D:5      | Killed Crazy Yiuf
  4195 | D:6      | Learned a level 2 spell: Swiftness
  4197 | D:6      | Learned a level 1 spell: Apportation
  4392 | D:6      | Reached XP level 8. HP: 28/50 MP: 9/9
  4539 | D:6      | Found a white marble altar of Elyvilon.
  4577 | D:6      | Reached skill level 13 in Bows
  5402 | D:7      | Reached ** piety under Okawaru
  5478 | D:7      | Reached skill level 14 in Bows
  5539 | D:7      | Found Boluet's Weapon Emporium.
  5553 | D:7      | Bought 13 arrows for 36 gold pieces
  5634 | D:7      | Found a glowing silver altar of Zin.
  5968 | D:8      | Reached skill level 15 in Bows
  6036 | D:8      | Found a sand-covered staircase.
  6067 | Ossuary  | Entered an ossuary
  6081 | Ossuary  | Reached XP level 9. HP: 54/54 MP: 10/10
  6123 | Ossuary  | Reached *** piety under Okawaru
  6446 | Ossuary  | Reached skill level 5 in Dodging
  7314 | D:8      | Noticed a komodo dragon
  7324 | D:8      | Killed a komodo dragon
  7360 | D:8      | Reached **** piety under Okawaru
  7382 | D:8      | Received a gift from Okawaru
  7431 | D:8      | Found a staircase to the Lair.
  7581 | D:9      | Found a flagged portal.
  7684 | Bailey   | Entered a bailey
  7684 | Bailey   | Noticed Starbucks's ghost (novice MiFi)
  7703 | Bailey   | Killed Starbucks's ghost
  7703 | Bailey   | Reached skill level 10 in Dodging
  7703 | Bailey   | Reached XP level 10. HP: 37/60 MP: 11/11
  8741 | Bailey   | Noticed an orc knight
  8758 | Bailey   | Killed an orc knight
  9008 | Bailey   | Got a scorched dagger
  9009 | Bailey   | Identified the +4 dagger "Daipheus" {distort, Str+2} (You found it in a bailey)
  9010 | Bailey   | Cast into the Abyss (a distortion unwield)
  9080 | Abyss:1  | Reached ***** piety under Okawaru
  9178 | Abyss:1  | Noticed a thrashing horror
  9199 | Abyss:1  | Slain by a small abomination

Action                   |  1- 3 |  4- 6 |  7- 9 | 10-12 || total
-------------------------+-------+-------+-------+-------++-------
Melee: Short sword       |     8 |       |       |       ||     8
       Quarterstaff      |       |       |     5 |     7 ||    12
       Shortbow          |       |       |       |     1 ||     1
 Fire: Shortbow          |    99 |   161 |   657 |   167 ||  1084
 Cast: Apportation       |       |       |     1 |     2 ||     3
Evoke: Deck              |     3 |     1 |     1 |     2 ||     7
  Use: Scroll            |     6 |     7 |    13 |       ||    26
       Potion            |       |       |     2 |    10 ||    12
  Eat: Pizza             |       |     1 |     2 |       ||     3
       Bread ration      |       |     1 |     1 |       ||     2
       Beef jerky        |       |     1 |     1 |       ||     2
       Fruit             |       |       |     4 |     5 ||     9
